Map: 2000 Atmospheres LE

Players

Pumba - Winner!

  • Race: Protoss Protoss
  • League: Diamond
  • Spawn Location: 3:00

curiosikey

  • Race: Zerg Zerg
  • League: Diamond
  • Spawn Location: 7:00

VOD

Have the link to the VOD?

Description

Time

  • Played on: Feb. 15, 2022, 8:55 p.m.
  • Length: 12:42
Show
View Real Time Build Order
Export as new Build Order

Pumba Protoss - Winner!

Build Orders: 1 Gate Expand, Archon Immortal, Archon Drop, Dark Templar Rush 

Get SALT Encoding   

  12  0:01  Probe  
  13  0:13  Probe  
  14  0:19  Pylon  
  14  0:25  Probe  
  15  0:37  Probe (Chrono Boost)  
  15  0:39  Gateway  
  16  0:44  Assimilator  
  16  0:49  Probe (Chrono Boost)  
  17  0:54  Probe (Chrono Boost)  
  18  1:04  Probe  
  19  1:16  Probe  
  20  1:23  Nexus  
  20  1:33  Cybernetics Core  
  20  1:35  Probe  
  21  1:42  Assimilator  
  21  1:48  Pylon  
  21  1:51  Probe  
  22  2:03  Probe  
  22  2:07  Adept (Chrono Boost)  
  23  2:10  Warp Gate  
  23  2:15  Probe  
  26  2:22  Twilight Council  
  26  2:24  Stalker (Chrono Boost)  
  26  2:28  Probe (Chrono Boost)  
  27  2:37  Probe (Chrono Boost)  
  31  2:45  Probe (Chrono Boost)  
  31  2:46  Probe (Chrono Boost)  
  32  2:52  Robotics Facility  
  32  2:55  Probe  
  33  3:04  Probe  
  34  3:18  Probe  
  34  3:19  Probe  
  36  3:22  Dark Shrine  
  36  3:25  Gateway  
  36  3:27  Gateway  
  36  3:30  Probe, Gateway  
  36  3:31  Probe  
  38  3:42  Probe  
  38  3:44  Warp Prism (Chrono Boost)  
  38  3:48  Pylon  
  41  3:49  Probe  
  41  3:54  Probe  
  43  3:56  Assimilator  
  43  4:02  Assimilator  
  43  4:06  Probe x2, Pylon  
  45  4:10  Pylon  
  45  4:18  Probe  
  45  4:21  Probe  
  47  4:30  Probe  
  48  4:33  Probe  
  49  4:41  Dark Templar x3  
  49  4:42  Dark Templar, Probe  
  58  4:46  Probe  
  58  4:50  Archon x2  
  59  4:55  Probe  
  59  4:58  Nexus  
  60  5:04  Pylon  
  60  5:05  Probe  
  61  5:09  Observer  
  54  5:22  Probe  
  54  5:23  Sentry x3  
  54  5:25  Zealot  
  54  5:26  Shield Battery  
  63  5:30  Pylon  
  63  5:31  Probe  
  64  5:35  Robotics Facility  
  64  5:36  Charge  
  64  5:37  Forge  
  64  5:45  Probe x2  
  66  5:53  Immortal (Chrono Boost)  
  71  5:57  Probe x2  
  71  6:01  Observer  
  72  6:09  Probe x2  
  72  6:10  Protoss Ground Weapons Level 1 (Chrono Boost)  
  72  6:11  Probe  
  75  6:21  Probe  
  75  6:24  Probe x2  
  78  6:26  Immortal x2  
  78  6:30  Gateway x2  
  86  6:33  Probe  
  86  6:34  Gateway x2  
  86  6:38  Pylon  
  87  6:41  Probe, Pylon  
  88  6:48  Probe x2  
  88  6:50  Assimilator  
  88  6:51  Assimilator  
  88  6:54  Probe  
  91  6:57  Templar Archives  
  91  6:58  Zealot x3  
  91  6:59  Zealot  
  99  7:06  Probe  
  100  7:17  Probe x2  
  100  7:19  Immortal x2  
  110  7:26  Psionic Storm  
  108  7:37  High Templar x3  
  108  7:40  Zealot  
  108  7:42  Probe  
  117  7:45  Pylon  
  117  7:46  Pylon x2  
  117  7:49  Pylon  
  117  7:52  Pylon x2  
  117  7:57  Pylon  
  117  7:59  Photon Cannon  
  117  8:00  Nexus  
  117  8:02  Photon Cannon  
  117  8:04  Photon Cannon  
  117  8:09  Immortal  
  121  8:22  High Templar x3  
  121  8:24  Zealot x5  
  137  8:40  Pylon  
  137  8:43  Protoss Ground Weapons Level 2 (Chrono Boost)  
  137  8:44  Pylon  
  137  8:48  High Templar x2  
  137  8:49  Zealot x3  
  137  8:53  Observer  
  137  8:55  Archon  
  148  8:59  Zealot  
  148  9:00  Zealot x2  
  154  9:18  Photon Cannon  
  154  9:19  Shield Battery  
  154  9:23  Observer, Assimilator  
  155  9:25  Assimilator, High Templar x4  
  155  9:26  Zealot x4  
  155  9:29  Archon x2  
  171  9:47  Zealot x3  
  171  9:48  Zealot  
  133  10:22  Zealot x3  
  133  10:23  Zealot x5  
  147  10:30  Archon  
  147  10:31  Archon  
  147  10:34  Immortal  
  147  10:50  High Templar x4  
  147  10:51  Zealot, High Templar x2  
  147  10:52  Zealot  
  147  10:53  Observer  
  147  10:54  Archon  
  147  10:55  Archon x2  
  147  12:14  Stargate  
  147  12:18  Forge  
Show
View Real Time Build Order
Export as new Build Order

curiosikey Zerg 

Build Orders: Hatch First 

Get SALT Encoding   

  12  0:02  Drone  
  13  0:12  Overlord  
  13  0:16  Drone  
  14  0:31  Drone x2  
  16  0:48  Hatchery  
  15  0:52  Drone  
  15  0:56  Drone  
  17  0:58  Drone  
  18  1:09  Drone  
  19  1:11  Extractor  
  19  1:17  Spawning Pool  
  17  1:23  Drone  
  18  1:29  Drone  
  19  1:40  Drone  
  20  1:50  Drone  
  21  2:03  Drone  
  21  2:04  Drone  
  23  2:08  Queen  
  23  2:09  Queen  
  23  2:13  Overlord  
  28  2:15  Drone  
  28  2:22  Hatchery  
  27  2:27  Drone  
  27  2:28  Overlord  
  28  2:34  Zergling x4  
  30  2:51  Zergling x4  
  32  2:52  Metabolic Boost  
  32  2:54  Queen  
  34  3:10  Overlord x2  
  34  3:14  Drone x2  
  36  3:27  Queen  
  36  3:29  Zergling x12  
  44  3:44  Queen  
  44  3:45  Overlord  
  44  3:46  Drone x3  
  48  4:08  Drone x7  
  55  4:11  Drone  
  56  4:26  Drone x6  
  62  4:34  Zergling x2  
  62  4:35  Zergling x2  
  62  4:36  Zergling x2  
  62  4:37  Overlord  
  62  4:38  Overlord  
  65  4:48  Spore Crawler  
  65  4:49  Lair  
  65  4:52  Spore Crawler  
  63  5:02  Spore Crawler  
  63  5:05  Drone x2  
  63  5:06  Drone x12  
  76  5:09  Spore Crawler  
  72  5:16  Zergling x6  
  70  5:27  Drone x2  
  72  5:34  Extractor  
  72  5:35  Roach Warren, Extractor  
  69  5:37  Evolution Chamber  
  69  5:38  Evolution Chamber  
  69  5:40  Drone x7  
  74  5:47  Drone x2  
  75  5:54  Drone x2  
  76  6:03  Overseer  
  76  6:10  Hatchery  
  75  6:13  Zerg Missile Weapons Level 1, Extractor  
  74  6:18  Extractor  
  74  6:19  Drone x9  
  74  6:21  Extractor  
  81  6:40  Hydralisk Den  
  81  6:43  Roach  
  82  7:10  Muscular Augments  
  82  7:12  Overlord  
  82  7:13  Overlord x4  
  82  7:22  Overlord x2  
  81  7:24  Roach  
  81  7:25  Spore Crawler, Roach x3  
  81  7:26  Spore Crawler  
  85  7:33  Drone x15  
  100  7:41  Zerg Ground Armor Level 1  
  99  8:04  Queen  
  101  8:11  Roach x4, Extractor  
  101  8:12  Roach x8, Extractor  
  123  8:20  Infestation Pit, Drone, Extractor  
  123  8:21  Grooved Spines, Drone x11  
  133  8:47  Hydralisk  
  133  8:48  Hydralisk x4  
  135  8:52  Extractor, Overlord x5  
  135  8:53  Zerg Missile Weapons Level 2, Hatchery, Overlord x2  
  135  8:54  Extractor  
  140  8:59  Pneumatized Carapace, Hive  
  140  9:17  Hydralisk  
  140  9:18  Hydralisk x15  
  172  9:27  Lurker Den  
  172  9:30  Overseer  
  171  9:40  Hydralisk x6  
  171  9:42  Zergling x2  
  171  9:43  Zergling x10  
  189  9:58  Zergling x6  
  162  10:13  Hydralisk x13  
  119  10:18  Zergling x2  
  102  10:25  Zergling x16  
  102  10:26  Zergling x6  
Tags
 
Add a new tag
Caveats
  • Supply blocks, unpowered buildings, or Contaminate may cause inaccurate times.
  • Supply counts are checked every 10 seconds.